 Dungeon Crawl Stone Soup version 0.21-a0-39-g28ea6b7 (webtiles) character file.

6 MackTheKnife the Skirmisher (level 1, 0/28 HPs)
             Began as a Hill Orc Abyssal Knight on June 1, 2017.
             Was an Initiate of Lugonu.
             Succumbed to a kobold's poison
             ... on level 1 of the Dungeon.
             The game lasted 00:01:28 (495 turns).

MackTheKnife the Skirmisher (HOAK)                   Turns: 495, Time: 00:01:29

Health: 0/28       AC: 20    Str: 14    XL:     1   Next: 90%
Magic:  2/2        EV:  2    Int: 12    God:    Lugonu [......]
Gold:   41         SH:  0    Dex: 10    Spells: 0/0 levels left

rFire    . . .     SeeInvis .   g - +0 broad axe
rCold    . . .     Gourm    .   (no shield)
rNeg     + + +     Faith    .   (armour currently unavailable)
rPois    +         Spirit   .   (helmet currently unavailable)
rElec    .         Reflect  .   (cloak currently unavailable)
rCorr    .         Harm     .   (gloves currently unavailable)
MR       .....     NoTele   +   (boots currently unavailable)
Stlth    +.........             a - amulet of rage {+Rage, !d}
Regen    0.1/turn               (no ring)
MPRegen  0.1/turn               (no ring)

@: lethally poisoned (0 -> -28), tree-form
A: no striking features
a: Renounce Religion, Evoke Berserk Rage


You were on level 1 of the Dungeon.
You worshipped Lugonu.
Lugonu was noncommittal.
You were not hungry.
You were a tree.
You visited 1 branch of the dungeon, and saw 1 of its levels.
You visited the Abyss 1 time.

You collected 41 gold pieces.

Inventory:

Hand Weapons
 g - a +0 broad axe (weapon)
   (You found it on level 3 of the Abyss)
Armour
 b - a +0 leather armour
 e - a +1 plate armour of cold resistance
   (You found it on level 2 of the Abyss)
 h - a cursed +0 ring mail (melded)
   (You found it on level 1 of the Dungeon)
Jewellery
 a - an amulet of rage (around neck) {+Rage, !d}
   (You found it on level 1 of the Dungeon)
Wands
 d - a wand of disintegration (7/24)
   (You found it on level 2 of the Abyss)
Comestibles
 c - a bread ration {@e1}


   Skills:
 - Level 3.6 Fighting
 + Level 3.5 Axes
 - Level 2.1 Armour
 - Level 0.7 Dodging
 - Level 2.4 Invocations


You couldn't memorise any spells.
You didn't know any spells.

Dungeon Overview and Level Annotations

Branches:
Dungeon (1/15)

Altars:


Message History

You take 1 damage, and have 17/19 hp.
The bat hits you but does no damage. The bat hits you but does no damage.
The bat closely misses you. The bat barely misses you.
You closely miss the bat. The bat barely misses you.
The bat hits you but does no damage.
You slash the bat!
You kill the bat!
Lugonu accepts your kill.
You hit the hobgoblin. The hobgoblin hits you with a club.
You take 2 damage, and have 15/19 hp.
You slash the hobgoblin!
You kill the hobgoblin!
Lugonu accepts your kill.
No target in view!
A goblin comes into view. It is wielding a club.
The goblin shouts!
Things that are here:
a club; a bat corpse You see here a shiny ring mail.
h - a shiny ring mail A frilled lizard comes into view.
You barely miss the goblin. The goblin hits you but does no damage.
You closely miss the goblin. The goblin closely misses you.
Your leather armour prevents you from hitting the goblin.
The goblin hits you with a club. The goblin hits you but does no damage.
You take 4 damage, and have 12/19 hp.
MASSIVE DAMAGE!!
You hit the goblin.
You kill the goblin!
Lugonu accepts your kill. The frilled lizard bites you.
You take 3 damage, and have 9/19 hp.
You hit the frilled lizard.
You kill the frilled lizard!
Lugonu accepts your kill.
Items here: )) †† a club x2; a frilled lizard corpse; a bat corpse You start resting.
A kobold comes into view.
You start resting.
Health restored: 19 Wear which item? (? for menu, Esc to quit)
You start removing your armour.
You continue taking off your +0 leather armour. x4
You finish taking off your +0 leather armour.
You start putting on your armour.
You continue putting on your shiny ring mail. x5
You finish putting on your cursed +0 ring mail.
Oops, that feels deathly cold.
As you read the scroll labeled YTACEL EFOLUSU, it crumbles to dust.
The scroll dissolves into smoke.
It was a scroll of fog.
Items here: )) †† a club x2; a frilled lizard corpse; a bat corpse You now have 41 gold pieces (gained 11).
f - a fuming black potion A kobold comes into view.
It is wielding a dagger of venom.
A kobold is nearby!
You completely miss the kobold. The kobold hits you but does no damage.
You are poisoned.
You closely miss the kobold.
You feel sick. The kobold closely misses you.
You take 1 damage, and have 18/19 hp.
You hit the kobold.
You feel sick. The kobold closely misses you.
The kobold hits you but does no damage.
You are lethally poisoned!
You take 1 damage, and have 17/19 hp.
You barely miss the kobold.
You feel sick.
The kobold hits you with a dagger of venom.
You are more poisoned.
You take 6 damage, and have 11/19 hp.
MASSIVE DAMAGE!!
You barely miss the kobold.
You feel very sick. The kobold barely misses you.
The kobold hits you but does no damage.
You are more poisoned.
You take 4 damage, and have 7/19 hp.
MASSIVE DAMAGE!!
You slash the kobold!
You kill the kobold!
Lugonu accepts your kill.
* * * LOW HITPOINT WARNING * * *
You feel very sick.
You take 3 damage, and have 4/19 hp.
Unknown command.
It was a potion of lignification.
You turn into a tree.
Your cursed +0 ring mail melds into your body.
Your roots penetrate the ground.
* * * LOW HITPOINT WARNING * * *
You feel sick.
You now have 4/28 hp.
Unknown command.
You cannot move.
There is a lethal amount of poison in your body!
Unknown command.
There is a lethal amount of poison in your body!
Unknown command.
* * * LOW HITPOINT WARNING * * *
You feel sick.
You take 2 damage, and have 2/28 hp.
You die...

##........ .+...... #.
#....... ###.##......
#..........#
#..........#
#........).#
#........♣.#
#..........#######
#####
#................#
#...#
##.....#.##......#
#§§§# #.....#.##......#
#§§§# #...............#
#§§§# #...............#
#§§.#
#...............###§§§#
#.............[......)#


There were no monsters in sight!

Vanquished Creatures
  2 hobgoblins (D:1)
  A bat (D:1)
  A frilled lizard (D:1)
  A goblin (D:1)
  A kobold (D:1)
  A rat (D:1)
7 creatures vanquished.

Notes
Turn   | Place    | Note
-------+----------+-------------------------------------------
     0 | Abyss:1  | MackTheKnife the Hill Orc Abyssal Knight began the quest for the Orb.
     0 | Abyss:1  | Reached XP level 1. HP: 19/19 MP: 2/2
    68 | Abyss:2  | Found a corrupted altar of Lugonu.
    91 | Abyss:3  | Noticed an ancient zyme
    91 | D:1      | Escaped the Abyss
   163 | D:1      | Reached skill level 3 in Axes
   492 | D:1      | HP: 4/19 [poisoned by a kobold]
   495 | D:1      | Succumbed to a kobold's poison

Vault maps used:
D:1:      minmay_arrival_loop, ashenzari_altar_1
Abyss:3:  grunt_abyss_rune_forest_and_sorcery, minivault_27,
          evilmike_abyss_exit_chaos

Skill      XL: |  1 |
---------------+----+-----
Axes           | 3 |  3.5
Fighting       | |  3.6
Armour         | |  2.1
Dodging        | |  0.7
Invocations    | |  2.4

Action                   || total
-------------------------++-------
Melee: Broad axe         ||    22
Invok: Depart the Abyss  ||     1
  Use: Scroll            ||     1
       Potion            ||     1
Armor: Leather armour    ||     7
       Ring mail         ||     2
Dodge: Dodged            ||    13

Vault maps used:
D:1:      minmay_arrival_loop, ashenzari_altar_1
Abyss:3:  grunt_abyss_rune_forest_and_sorcery, minivault_27,
          evilmike_abyss_exit_chaos

Table legend:
 A = Turns spent in this place as a percentage of turns spent in the entire game.
 B = Non-inter-level travel turns spent in this place as a percentage of non-inter-level travel turns spent in the entire game.
 C = Inter-level travel turns spent in this place as a percentage of turns spent in this place.
 D = Turns resting spent in this place as a percentage of non-inter-level travel turns spent in this place.
 E = Turns spent auto-exploring this place as a percentage of non-inter-level travel turns spent in this place.
 F = Non-inter-level travel turns spent in this place divided by the number of levels of this place that you've seen.
                   A       B       C       D       E      F
               +-------+-------+-------+-------+-------+----------------------
         Total | 100.0 | 100.0 |   0.0 |   6.4 |   5.8 |  39.0
       Dungeon |  65.4 |  65.4 |   0.0 |   9.8 |   5.9 | 102.0
         Abyss |  34.6 |  34.6 |   0.0 |   0.0 |   5.6 |  18.0
               +-------+-------+-------+-------+-------+----------------------

Table legend:
 A = Kills in this place as a percentage of kills in entire the game.
 B = Kills by you in this place as a percentage of kills by you in the entire game.
 C = Kills by friends in this place as a percentage of kills by friends in the entire game.
 D = Other kills in this place as a percentage of other kills in the entire game.
 E = Experience gained in this place as a percentage of experience gained in the entire game.
 F = Experience gained in this place divided by the number of levels of this place that you have seen.
                   A       B       C       D       E      F
               +-------+-------+-------+-------+-------+----------------------
         Total | 100.0 | 100.0 |  -nan |  -nan | 100.0 |   2.2
       Dungeon | 100.0 | 100.0 |  -nan |  -nan | 100.0 |   9.0
               +-------+-------+-------+-------+-------+----------------------
